Construct Section Command Post
Selects Canadian Shock Battlegroup
Selects Canadian Shock Battlegroup
Selects Incendiary Munitions
Construct Platoon Command Post
Unlock M3 Stuart Light Tanks
Unlock Bishop Self-propelled Artillery
6-pounder Anti-tank Gun Team
Bishop Self-propelled Artillery
6-pounder Anti-tank Gun Team
Bishop Self-propelled Artillery
Selects Churchill Crocodile Heavy Tank
Churchill Crocodile Heavy Tank
Construct Company Command Post
Selects Canadian Shock Section
Churchill Crocodile Heavy Tank
Bishop Self-propelled Artillery
Unlock M3 Grant Medium Tanks
Unlock Towed 17-pounder Anti-tank Guns
Construct Field Infirmary